 Dungeon Crawl Stone Soup version 0.17-a0-1748-g222fba8 (webtiles) character file.

15208 Pirate the Spear-Bearer (level 11, -2/145 HPs)
             Began as a Centaur Fighter on Sept 1, 2015.
             Was a High Priest of Okawaru.
             Slain by an eight-headed hydra (4 damage)
             ... on level 2 of the Lair of Beasts.
             The game lasted 00:34:35 (13356 turns).

Pirate the Spear-Bearer (Centaur Fighter)          Turns: 13356, Time: 00:34:35

Health: -2/145     AC: 25    Str: 19    XL:     11   Next: 98%
Magic:  9/16       EV:  1    Int:  7    God:    Okawaru [*****.]
Gold:   251        SH:  0    Dex: 14    Spells: 0 memorised, 10 levels left

rFire  . . .     SeeInvis .     a - +3 trident
rCold  + . .     Clarity  .     (armour currently unavailable)
rNeg   + + +     SustAt   .     c - +0 shield
rPois  +         Gourm    +     (helmet currently unavailable)
rElec  .         Spirit   .     (cloak currently unavailable)
rCorr  .         Warding  .     (gloves currently unavailable)
rMut   .         NoTele   +     (no barding)
MR     .....                    n - amulet of the gourmand
Stlth  ++++......               l - +2 ring of dexterity
                                N - ring of protection from cold

@: tree-form, heroism, finesse, very slightly contaminated, held, hasted, very
quick, not resistant to hostile enchantments, stealthy
A: (hooves 0), (deformed body), (speed 0), (tough skin 0)
a: Heroism, Finesse, Renounce Religion


You were on level 2 of the Lair of Beasts.
You worshipped Okawaru.
Okawaru was extremely pleased with you.
You were not hungry.
You were a tree.
You visited 3 branches of the dungeon, and saw 13 of its levels.

You collected 363 gold pieces.
You spent 112 gold pieces at shops.

Inventory:

Hand weapons
 a - a +3 trident (weapon)
Missiles
 y - 7 javelins (quivered)
 Q - 2 throwing nets
 V - 4 javelins of penetration
Armour
 c - a +0 shield (worn)
 H - a +1 scale mail of fire resistance (melded)
 S - a +1 cloak (melded)
Jewellery
 j - an uncursed ring of stealth
 l - a +2 ring of dexterity (right branch)
 n - an amulet of the gourmand (around neck)
 D - an uncursed ring of magical power
 J - an uncursed ring of positive energy
 K - a cursed ring of teleportation
 N - a ring of protection from cold (left branch)
 P - an uncursed ring of ice
 R - an uncursed amulet of resist corrosion
Magical devices
 g - a wand of slowing (8)
 s - a wand of paralysis (8)
 T - a wand of paralysis (13)
Scrolls
 f - 3 scrolls of magic mapping
 i - a scroll of noise {unknown}
 k - 2 scrolls of recharging
 m - 7 scrolls of remove curse
 v - 2 scrolls of amnesia
 w - 2 scrolls of fear
 x - a scroll of fog {unknown}
 z - a scroll of teleportation
 A - a scroll of blinking {unknown}
 E - a scroll of silence {unknown}
 G - a scroll of holy word {unknown}
 M - a scroll of enchant armour {unknown}
 X - a scroll of identify
Potions
 h - a potion of brilliance {unknown}
 o - 3 potions of invisibility {unknown}
 p - a potion of magic {unknown}
 r - 2 potions of degeneration
 u - 2 potions of flight
 C - 3 potions of poison
 I - a potion of berserk rage {unknown}
Books
 b - a book of Unlife

   Spells                             Type                      Level
   a - Recall                         Summoning/Translocation      3
   b - Animate Dead                   Necromancy                   4
   c - Control Undead                 Necromancy                   4
   d - Cigotuvi's Embrace             Necromancy                   5
   e - Death Channel                  Necromancy                   6
   f - Simulacrum                     Ice/Necromancy               6
 F - a book of Maledictions

   Spells                             Type                      Level
   a - Corona                         Hexes                        1
   b - Ensorcelled Hibernation        Hexes/Ice                    2
   c - Confuse                        Hexes                        3
   d - Tukima's Dance                 Hexes                        3
   e - Dazzling Spray                 Conjuration/Hexes            3
Comestibles
 d - a beef jerky
 e - 3 bread rations
 t - 4 meat rations
 B - 23 fruits
 W - a slice of pizza


   Skills:
 + Level 9.3(14.3) Fighting
 * Level 11.6(16.6) Polearms
 + Level 5.2(10.2) Armour
 + Level 4.2(9.2) Dodging
 + Level 5.0(10.0) Shields
 + Level 7.1 Invocations


You had 10 spell levels left.
You didn't know any spells.

Dungeon Overview and Level Annotations

Branches:
Dungeon (10/15)            Temple (1/1) D:4            Lair (2/8) D:9
    Orc: D:9-12

Altars:
Ashenzari
Dithmenos
Elyvilon
Fedhas
Gozag
Kikubaaqudgha
Nemelex Xobeh
Okawaru
Qazlal
Ru
Sif Muna
Vehumet
Yredelemnul
Zin
The Shining One

Shops:
D:5 ?   D:6 (   D:9 ?

Annotations:
D:6 exclusion: oklob plant
Lair:2 Harold


Innate Abilities, Weirdness & Mutations

((You have hooves in place of feet.))
((Armour fits poorly on your strangely shaped body.))
((You cover ground very quickly.))
((You have extremely tough skin (AC +3).))


Message History

The iguana bites you but does no damage.
You are very lightly contaminated with residual magic.
Use which ability? (? or * to list)
You can now deal lightning-fast blows.
You feel somewhat more hungry.
Use which ability? (? or * to list)
You gain the combat prowess of a mighty hero.
You feel slightly more hungry.
Harold throws a throwing net.
The throwing net hits you.
You become entangled in the net!
The eight-headed hydra bites you.
* * * LOW HITPOINT WARNING * * *
The eight-headed hydra bites you but does no damage.
The eight-headed hydra bites you.
* * * LOW HITPOINT WARNING * * *
The eight-headed hydra bites you but does no damage.
The eight-headed hydra bites you.
* * * LOW HITPOINT WARNING * * *
The eight-headed hydra bites you but does no damage.
The eight-headed hydra bites you.
You die...

.'.###.......#
####..........
..###........#
#......P..# .##
##.+P##P## #.....>#### .#
##.###### .......# ##
#..P###P# #..##.... #
###..P....## ##.......
####.##.P.##..###........
...##..........##l.......
....#P..........♣D§......
...#........@....#.......
...+.#..........##...(...
...#.P.......^.#.#l......
...#...........###.......
...#...........# .......
...##...........# .####.P
.+#####..######## #..#
#..##


You could see Harold, an eight-headed hydra and an iguana.

Vanquished Creatures
  Fannar (Lair:2)
  Erica (D:8)
  3 hydras (Lair:2)
  Pikel (D:6)
  A black mamba (Lair:2)
  4 spiny frogs
  A komodo dragon (D:9)
  2 trolls
  A two-headed ogre (D:8)
  Grinder (D:4)
  5 blink frogs (Lair:1)
  Sigmund (D:3)
  A deep elf mage (D:9)
  A wyvern (D:8)
  A basilisk (Lair:2)
  11 yaks
  A hippogriff (Lair:1)
  Menkaure (D:6)
  6 water moccasins
  An orc warrior (D:8)
  5 porcupines (Lair:1)
  2 sky beasts
  4 black bears
  2 ogres
  3 phantoms
  A slave (D:6)
  A centaur (D:8)
  6 crocodiles
  3 giant frogs
  A gnoll sergeant (D:8)
  2 water moccasin skeletons
  2 scorpions
  12 wights
  12 killer bees
  2 crimson imps
  2 jellies
  A centaur skeleton (D:4)
  3 giant frog skeletons
  2 orc priests (D:7)
  A hound (D:9)
  6 worker ants
  6 iguanas
  4 orc wizards
  2 hound skeletons
  4 worker ant zombies
  26 river rats
  8 adders
  6 gnolls (D:8)
  2 shadow imps
  An ooze (D:4)
  An adder zombie (D:9)
  5 worms
  An adder skeleton (D:8)
  4 giant geckos
  20 orcs
  8 bats
  6 goblins
  6 hobgoblins
  6 quokkas
  A ball python (D:1)
  3 giant cockroaches
  A giant newt (D:1)
  6 jackals
  A jackal zombie (D:8)
  11 kobolds
  5 rats
  A bush (Lair:1)
  7 plants (Lair:1)
270 creatures vanquished.

Vanquished Creatures (others)
  A slave (D:6)
  An adder (D:6)
  5 fungi
  5 plants
12 creatures vanquished.

Grand Total: 282 creatures vanquished

Notes
Turn   | Place    | Note
--------------------------------------------------------------
     0 | D:1      | Pirate the Centaur Fighter began the quest for the Orb.
     0 | D:1      | Reached XP level 1. HP: 19/19 MP: 1/1
   629 | D:1      | Reached XP level 2. HP: 26/26 MP: 2/2
  1041 | D:2      | Reached XP level 3. HP: 21/31 MP: 3/3
  1638 | D:3      | Reached XP level 4. HP: 12/40 MP: 4/4
  1833 | D:3      | Noticed Sigmund
  1836 | D:3      | Reached skill level 4 in Fighting
  1844 | D:3      | Killed Sigmund
  1844 | D:3      | Reached XP level 5. HP: 17/47 MP: 5/5
  2730 | D:4      | Reached XP level 6. HP: 49/53 MP: 6/6
  2861 | D:4      | Found a blossoming altar of Fedhas.
  2964 | D:4      | Found a staircase to the Ecumenical Temple.
  2998 | D:4      | Noticed Grinder
  3016 | D:4      | Reached skill level 5 in Polearms
  3027 | D:4      | Killed Grinder
  3027 | D:4      | Reached skill level 5 in Fighting
  3027 | D:4      | Reached XP level 7. HP: 49/61 MP: 7/7
  3059 | Temple   | Entered the Ecumenical Temple
  3119 | Temple   | Became a worshipper of Warmaster Okawaru
  3285 | D:4      | Reached skill level 6 in Polearms
  3549 | D:4      | Noticed an ogre
  3595 | D:4      | Killed an ogre
  3647 | D:4      | Noticed a phantom
  3678 | D:4      | Killed a phantom
  3733 | D:5      | Entered Level 5 of the Dungeon
  3746 | D:5      | Found Peixogy's Magic Scroll Shop.
  3753 | D:5      | Bought a scroll of remove curse for 42 gold pieces
  3753 | D:5      | Bought a scroll of identify for 28 gold pieces
  3753 | D:5      | Bought a scroll of teleportation for 42 gold pieces
  3849 | D:5      | Found a radiant altar of Vehumet.
  4052 | D:5      | Reached skill level 7 in Polearms
  4310 | D:5      | Reached XP level 8. HP: 47/70 MP: 8/8
  4641 | D:6      | Acquired Okawaru's first power
  4680 | D:6      | Noticed Menkaure
  4708 | D:6      | Killed Menkaure
  4805 | D:6      | Found a basalt altar of Yredelemnul.
  4805 | D:6      | Noticed an oklob plant
  4949 | D:6      | Found Qehea's Weapon Shop.
  5057 | D:6      | Reached skill level 1 in Invocations
  5118 | D:6      | Reached skill level 8 in Polearms
  5320 | D:6      | Found a shattered altar of Ashenzari.
  5485 | D:6      | Noticed Pikel
  5549 | D:6      | Killed Pikel
  5843 | D:7      | Noticed a troll
  5847 | D:6      | Reached XP level 9. HP: 56/79 MP: 11/11
  6260 | D:7      | Reached skill level 9 in Polearms
  6887 | D:7      | Killed a troll
  6887 | D:7      | Reached skill level 1 in Dodging
  7528 | D:8      | Found a stormy altar of Qazlal.
  7528 | D:8      | Found a shadowy altar of Dithmenos.
  7528 | D:8      | Found a glowing golden altar of the Shining One.
  7828 | D:8      | Noticed Erica
  7847 | D:8      | Killed Erica
  7847 | D:8      | Reached XP level 10. HP: 29/88 MP: 11/13
  8185 | D:8      | Reached skill level 10 in Polearms
  8375 | D:8      | Reached skill level 5 in Invocations
 10114 | D:9      | Found a staircase to the Lair.
 10170 | D:9      | Acquired Okawaru's second power
 10216 | D:9      | Found Lyhoitam's Magic Scroll Shop.
 10420 | D:10     | Entered Level 10 of the Dungeon
 10436 | Lair:1   | Entered Level 1 of the Lair of Beasts
 10486 | Lair:1   | Reached XP level 11. HP: 95/95 MP: 15/15
 11630 | Lair:1   | Received a gift from Okawaru
 11632 | Lair:1   | Reached skill level 11 in Polearms
 12477 | Lair:2   | Noticed a seven-headed hydra
 12709 | Lair:2   | Noticed a four-headed hydra
 12914 | Lair:2   | Killed a seven-headed hydra
 12981 | Lair:2   | Received a gift from Okawaru
 12996 | Lair:2   | Reached skill level 5 in Armour
 13082 | Lair:2   | Killed a four-headed hydra
 13105 | Lair:2   | Noticed a seven-headed hydra
 13107 | Lair:2   | Noticed Fannar
 13180 | Lair:2   | Killed a seven-headed hydra
 13212 | Lair:2   | Killed Fannar
 13212 | Lair:2   | Reached skill level 5 in Shields
 13344 | Lair:2   | Noticed Harold
 13344 | Lair:2   | Noticed an eight-headed hydra
 13356 | Lair:2   | HP: 6/145 [eight-headed hydra (3)]
 13356 | Lair:2   | HP: 2/145 [eight-headed hydra (3)]
 13356 | Lair:2   | Slain by an eight-headed hydra

Vault maps used:
D:1:      dpeg_arrival_central, minmay_misc_feat_x
D:2:      hex_large
D:3:      first_bread, uniq_sigmund
D:4:      minmay_temple_entry_large_hall, fedhas_altar_fruit_tree, uniq_grinder
D:5:      lemuel_crystal_altar, serial_shops, nicolae_shop_crystal
D:6:      nicolae_ashenzari_panopticon, serial_shops, shop_statue,
          lemuel_oklob_altar, uniq_pikel, uniq_menkaure
D:7:      wad_crossroads
D:8:      grunt_temple_overflow_open, uniq_erica
D:9:      david_lair_shrubbed, serial_shops, shop
D:10:     david_orc_2, uniq_snorg
Temple:   water_room_temple_a_12
Lair:1:   grunt_forest_stairs_basic, wad_woods_04, lemuel_fruit_tree,
          serial_bayou_shore_b
Lair:2:   uniq_harold, uniq_fannar

Action                   |  1- 3 |  4- 6 |  7- 9 | 10-12 || total
-------------------------+-------+-------+-------+-------++-------
Melee: Trident           |   162 |    85 |   448 |   843 ||  1538
Throw: Javelin           |       |       |     2 |       ||     2
Invok: Heroism           |       |       |     4 |    12 ||    16
       Finesse           |       |       |       |     2 ||     2
  Use: Potion            |       |     1 |     1 |     4 ||     6
       Scroll            |       |       |     7 |     9 ||    16
 Stab: Sleeping          |       |       |     1 |       ||     1
  Eat: Chunk             |     1 |     1 |     6 |     5 ||    13
       Bread ration      |       |     1 |     1 |     2 ||     4
       Pizza             |       |       |     1 |       ||     1
       Royal jelly       |       |       |       |     1 ||     1
       Beef jerky        |       |       |       |     1 ||     1
